 Dungeon Crawl Stone Soup version 0.29.1-1-gd02db6906a (webtiles) character file.

Game seed: 4114968741527461923

11 mcbry74 the Chopper (level 2, -6/27 HPs)
             Began as a Minotaur Berserker on Oct 12, 2022.
             Was a Follower of Trog.
             Splashed by a jelly's acid (8 damage)
             ... on level 4 of the Dungeon.
             The game lasted 00:01:28 (579 turns).

mcbry74 the Chopper (Minotaur Berserker)             Turns: 579, Time: 00:01:30

Health: -6/27      AC:  2    Str: 21    XL:     2   Next: 17%
Magic:  1/1        EV: 10    Int:  4    God:    Trog [*.....]
Gold:   57         SH:  0    Dex:  9    Spells: 1/1 levels left

rFire   . . .      SeeInvis .   a - +0 hand axe
rCold   . . .      Faith    .   (no shield)
rNeg    . . .      Spirit   .   d - +0 scale mail
rPois   .          Reflect  .   (helmet restricted)
rElec   .          Harm     .   (no cloak)
rCorr   .          Rampage  .   (no gloves)
Will    .....                   (no boots)
Stlth   ..........              (no amulet)
HPRegen 0.09/turn               (no ring)
MPRegen 0.07/turn               (no ring)

@: corroded
A: horns 2, retaliatory headbutt
a: Renounce Religion, Berserk


You were on level 4 of the Dungeon.
You worshipped Trog.
Trog was aware of your devotion.
You visited 1 branch of the dungeon, and saw 4 of its levels.

You collected 57 gold pieces.

Inventory:

Hand Weapons
 a - a +0 hand axe (weapon)
Armour
 b - a +0 animal skin
 d - a +0 scale mail (worn)
Scrolls
 h - a scroll of vulnerability {unknown}
 j - a scroll of amnesia {unknown}
 k - a scroll of teleportation {unknown}
Potions
 c - a potion of curing {unknown}
 e - a potion of might {unknown}
 f - a potion of heal wounds {unknown}
 g - a potion of brilliance {unknown}
 i - a potion of degeneration {unknown}


   Skills:
 + Level 3.8 Fighting
 * Level 4.0 Axes
 + Level 2.6 Armour
 + Level 2.4 Dodging


You had one spell level left.
You didn't know any spells.
Your spell library contained the following spells:

 Spells                   Type           Power      Damage    Failure   Level
 Magic Dart               Conj           0%         1d3       83%         1
 Call Imp                 Summ           0%         N/A       93%         2
 Mephitic Cloud           Conj/Pois/Air  0%         N/A       99%         3
 Fulminant Prism          Conj/Hex       0%         3d6       100%        4
 Iskenderun's Mystic Bla  Conj/Tloc      0%         2d3       100%        4
 Lee's Rapid Deconstruct  Erth           0%         3d5*      100%        5


Dungeon Overview and Level Annotations

Branches:
Dungeon (4/15)
 Temple: D:4-7

Altars:


Innate Abilities, Weirdness & Mutations

You have a pair of horns on your head.
You reflexively headbutt those who attack you in melee.


Message History

There is a stone staircase leading down here.
You climb downwards.
Found a golden potion.
There is a stone staircase leading up here.
i - a golden potion
j - a scroll labelled JIDOAH VATAIS
Found a stone.
You see here a stone.
A ball python comes into view.
The ball python hisses angrily.
You closely miss the ball python. Your headbutt misses the ball python.
The ball python bites you but does no damage.
The ball python grabs you. The ball python constricts you.
You barely miss the ball python. The ball python barely misses you.
You furiously retaliate!
You headbutt the ball python!
You kill the ball python!
Trog accepts your kill.
k - a scroll labelled WIABLO ZINNE
Found a stone staircase leading down.
There is a stone staircase leading down here.
You climb downwards.
You hear the hiss of flowing sand.
There is an entrance to an ossuary on this level.
Hurry and find it before the portal is buried!
The jelly quivers.
Found 10 gold pieces.
There is a stone staircase leading up here.
You hit the jelly.
Your hands burn!
The jelly is lightly wounded.
The jelly hits you. The acid corrodes you!
You are splashed with acid!
You hit the jelly.
Your hands burn!
* * * LOW HITPOINT WARNING * * *
The jelly is moderately wounded.
The jelly hits you but does no damage.
You hit the jelly.
Your hands burn!
* * * LOW HITPOINT WARNING * * *
The jelly is moderately wounded.
The jelly hits you.
* * * LOW HITPOINT WARNING * * *
You are splashed with acid!
You die...

#............
#.............
#.............
#.............
#.............
#.............
#...J.........
#....@........
#..^..<.......
##############


You could see a jelly.

Vanquished Creatures
  3 ball pythons
  A bat (D:1)
  A goblin (D:1)
  A hobgoblin (D:1)
  2 quokkas (D:1)
  2 frilled lizards (D:1)
  A kobold (D:2)
11 creatures vanquished.

Notes
Turn   | Place    | Note
-------+----------+-------------------------------------------
     0 | D:1      | mcbry74 the Minotaur Berserker began the quest for the Orb.
     0 | D:1      | Reached XP level 1. HP: 19/19 MP: 0/0
   455 | D:1      | Reached XP level 2. HP: 27/27 MP: 1/1
   474 | D:2      | Reached skill level 4 in Axes
   579 | D:4      | Splashed by a jelly's acid

Illustrated notes

Levels and vault maps discovered:
D:1:      scummos_arrival_simple_crosswalls, layout_loops_cross
D:2:      layout_loops_ring
D:3:      minmay_chambers_of_twos, layout_loops_ring, trog_wizard,
          chequers_decorated_corner
D:4:      layout_basic, nicolae_overflow_hidden_temple,
          minmay_temple_entry_purple_smoke, serial_shops,
          nicolae_shop_temple_entry_statues_fountains, kennysheep_little_box,
          nicolae_ossuary_entry_giza

Skill      XL: |  1  2 |
---------------+-------+-----
Axes           | 4 |  4.0
Fighting       | |  3.8
Armour         | |  2.6
Dodging        | |  2.4

Action                   || total
-------------------------++-------
Melee: Hand axe          ||    21
       Headbutt          ||     1
Armor: Scale mail        ||    10
Dodge: Dodged            ||     9
